Map: Eternal Empire LE

Players

SouLeer

  • Race: Zerg Zerg
  • Spawn Location: 7:00

SKillous - Winner!

  • Race: Protoss Protoss
  • League: Grandmaster
  • Spawn Location: 1:00

Event: DreamHack SC2 Masters 2020 Fall

VOD

Have the link to the VOD?

Description

Time

  • Played on: Aug. 30, 2020, 11:36 a.m.
  • Length: 8:09

All games in this series

Show
View Real Time Build Order
Export as new Build Order

SouLeer Zerg 

Build Orders: Hatch First 

Get SALT Encoding   

  12  0:00  Drone  
  13  0:12  Overlord  
  13  0:16  Drone  
  14  0:30  Drone x2  
  16  0:48  Hatchery  
  15  0:52  Drone  
  15  0:56  Drone  
  17  0:58  Drone  
  18  1:10  Extractor  
  17  1:14  Spawning Pool  
  17  1:17  Drone  
  17  1:21  Drone  
  18  1:27  Drone  
  19  1:39  Drone  
  20  1:50  Overlord  
  20  2:01  Queen x2, Zergling x2  
  24  2:03  Zergling x2  
  26  2:11  Drone x2  
  28  2:18  Metabolic Boost  
  28  2:21  Drone x2  
  30  2:37  Hatchery  
  30  2:43  Drone x2  
  31  2:49  Overlord  
  31  2:51  Drone  
  32  2:56  Zergling x4  
  34  3:01  Queen  
  36  3:09  Drone x3  
  36  3:12  Drone x2  
  41  3:16  Drone x2  
  43  3:27  Overlord, Spore Crawler  
  43  3:29  Drone  
  43  3:36  Drone  
  43  3:40  Overlord  
  44  3:45  Queen  
  44  3:47  Drone x4  
  50  3:51  Overlord  
  50  3:59  Lair  
  50  4:00  Drone x3  
  53  4:07  Drone  
  53  4:08  Queen  
  56  4:10  Drone x2  
  56  4:15  Spore Crawler  
  56  4:16  Spore Crawler  
  56  4:18  Drone x3  
  56  4:23  Drone  
  60  4:25  Drone, Evolution Chamber  
  60  4:28  Drone x2  
  60  4:31  Overlord  
  61  4:34  Drone x2  
  61  4:37  Overlord  
  63  4:38  Drone  
  63  4:42  Drone  
  63  4:44  Overlord  
  65  4:49  Queen  
  65  4:52  Overlord, Zerg Melee Weapons Level 1  
  67  4:55  Drone x2  
  67  4:56  Drone x2  
  67  4:58  Drone x2  
  73  5:03  Spore Crawler  
  73  5:06  Drone x2  
  73  5:07  Drone x2  
  76  5:08  Drone  
  76  5:10  Extractor x2  
  76  5:14  Drone x2, Extractor x2  
  76  5:15  Extractor  
  76  5:16  Drone x2  
  76  5:17  Drone  
  76  5:20  Overseer  
  77  5:24  Drone x2  
  79  5:30  Drone x3, Roach Warren  
  79  5:31  Baneling Nest  
  81  5:40  Overlord  
  81  5:41  Hydralisk Den  
  81  5:42  Drone  
  81  5:46  Drone x2  
  83  5:52  Overlord, Hatchery  
  82  5:59  Hatchery  
  81  6:11  Hydralisk x8  
  81  6:14  Hydralisk  
  81  6:16  Overlord  
  99  6:21  Grooved Spines  
  99  6:26  Drone x4  
  99  6:27  Drone x3  
  99  6:28  Overlord  
  99  6:29  Overlord  
  106  6:33  Overlord  
  106  6:38  Drone  
  106  6:39  Drone x3  
  107  6:43  Centrifical Hooks  
  107  6:46  Drone x2  
  109  6:48  Drone x3  
  109  6:49  Drone  
  109  6:50  Drone, Unknown  
  112  7:03  Zergling x12  
  112  7:05  Pneumatized Carapace  
  112  7:06  Zergling x4  
  120  7:11  Overlord  
  120  7:12  Overlord  
  120  7:13  Zergling x4  
  122  7:17  Zergling x6  
  122  7:18  Zergling x8  
  122  7:22  Baneling x5  
  129  7:23  Baneling x7  
  129  7:25  Zergling x6  
  129  7:27  Baneling x4  
  129  7:28  Baneling  
  132  7:31  Zergling x8  
  132  7:33  Zergling x4  
  137  7:37  Zergling x6  
  137  7:42  Zergling x10  
  141  7:46  Zergling x2  
  141  7:47  Zergling x4  
Show
View Real Time Build Order
Export as new Build Order

SKillous Protoss - Winner!

Build Orders: 1 Gate Expand, Oracle Opening, Zealot Archon 

Get SALT Encoding   

  12  0:00  Probe  
  13  0:12  Probe  
  14  0:20  Pylon  
  14  0:24  Probe  
  15  0:38  Probe (Chrono Boost)  
  16  0:45  Gateway  
  16  0:48  Probe (Chrono Boost)  
  17  0:50  Assimilator  
  17  0:53  Probe (Chrono Boost)  
  18  1:05  Probe  
  19  1:17  Probe  
  20  1:27  Nexus  
  20  1:35  Cybernetics Core  
  20  1:38  Probe  
  21  1:44  Assimilator  
  21  1:50  Probe  
  21  1:53  Pylon  
  22  2:02  Probe  
  23  2:08  Adept (Chrono Boost)  
  23  2:14  Probe  
  26  2:19  Stargate  
  26  2:26  Probe  
  26  2:27  Warp Gate  
  26  2:28  Adept (Chrono Boost)  
  29  2:39  Probe (Chrono Boost)  
  31  2:44  Probe (Chrono Boost)  
  31  2:48  Probe (Chrono Boost)  
  33  2:52  Probe (Chrono Boost)  
  33  2:53  Probe (Chrono Boost)  
  33  2:54  Stalker  
  36  2:59  Void Ray (Chrono Boost)  
  36  3:03  Probe  
  37  3:05  Probe  
  42  3:15  Probe  
  42  3:16  Pylon  
  42  3:18  Probe  
  44  3:27  Probe  
  44  3:28  Gateway  
  44  3:30  Probe  
  46  3:36  Oracle (Chrono Boost)  
  46  3:39  Probe  
  50  3:42  Probe  
  51  3:51  Pylon, Probe  
  51  3:55  Probe  
  53  4:02  Nexus  
  53  4:03  Probe  
  53  4:05  Pylon  
  53  4:09  Oracle (Chrono Boost), Probe  
  55  4:15  Probe  
  55  4:16  Assimilator  
  59  4:22  Assimilator  
  60  4:26  Robotics Facility  
  60  4:27  Probe  
  60  4:28  Pylon  
  60  4:30  Probe  
  61  4:34  Shield Battery  
  61  4:39  Probe  
  61  4:42  Probe  
  63  4:50  Pylon  
  63  4:51  Probe  
  64  4:54  Forge, Twilight Council, Probe  
  65  5:04  Probe (Chrono Boost)  
  67  5:10  Probe (Chrono Boost)  
  67  5:12  Sentry x2  
  71  5:16  Probe (Chrono Boost)  
  71  5:17  Probe (Chrono Boost)  
  71  5:18  Observer (Chrono Boost)  
  75  5:23  Protoss Ground Weapons Level 1 (Chrono Boost)  
  75  5:24  Probe x2 (Chrono Boost)  
  75  5:25  Probe (Chrono Boost)  
  75  5:26  Gateway  
  77  5:29  Gateway  
  77  5:30  Charge, Probe x3 (Chrono Boost)  
  80  5:39  Immortal  
  87  5:50  Gateway x2  
  87  5:53  Gateway x2  
  87  5:56  Gateway  
  84  5:57  Gateway  
  84  6:00  Probe (Chrono Boost)  
  84  6:01  Probe (Chrono Boost)  
  84  6:03  Probe (Chrono Boost)  
  87  6:06  Assimilator  
  87  6:09  Templar Archives  
  87  6:10  Assimilator  
  88  6:12  Pylon  
  88  6:14  Probe (Chrono Boost)  
  88  6:16  Probe (Chrono Boost)  
  88  6:17  Photon Cannon  
  89  6:21  Pylon  
  89  6:23  Warp Prism  
  91  6:28  Probe x2  
  93  6:43  Probe  
  93  6:45  Pylon  
  94  6:49  Zealot, High Templar x4  
  94  6:50  Zealot x3  
  94  6:52  Pylon  
  94  6:53  Pylon  
  94  6:54  Archon x2  
  110  6:55  Photon Cannon  
  110  7:11  High Templar  
  110  7:12  Zealot x4, High Templar  
  122  7:15  Archon, Pylon  
  122  7:32  Nexus  
  122  7:33  High Templar x2, Pylon  
  122  7:34  Zealot x6  
  138  7:38  Archon  
  134  7:53  Zealot x2  
  134  7:54  Zealot x6  

Tags
 
Add a new tag
Caveats
  • Supply blocks, unpowered buildings, or Contaminate may cause inaccurate times.
  • Supply counts are checked every 10 seconds.